General information
- name: BNet
- type: Ladder team game (AT/RT)
- host: Battle.net
- saver: LEADER-OF-4V4
map: DragonFalls
- players: 8
- length: 49:39
- speed: Fast
- version: 1.26 W3XP
- replay type: Public
» download(202 KB)
Players
team 1 (loser)

»
NICKLAS (
orange | 37 APM | 1123 actions | 30:19)
5 Demon Hunter
3 Immolation
2 Evasion
3 Priestess of the Moon
2 Searing Arrows
1 Trueshot Aura
» actions
| Build / train | 73 | |
| Enter build submenu | 14 | |
| Enter hero's abilities submenu | 8 | |
| Give item / drop item | 2 | |
| Remove unit from queue | 1 | |
| Right click | 518 | |
| Select / deselect | 434 | |
| Use ability | 73 | |
1123 total
» units
| Wisp | 12 | |
| Archer | 7 | |
| Huntress | 9 | |
| Dryad | 12 | |
| Druid of the Claw | 9 | |
49 total
» upgrades
| Abolish Magic | 1 | |
| Druid of the Claw Training | 2 | |
| Reinforced Hides | 1 | |
| Strength of the Wild | 1 | |
| Mark of the Claw | 1 | |
6 total
» buildings
| Altar of Elders | 1 | |
| Moon Well | 6 | |
| Ancient of War | 1 | |
| Tree of Ages | 1 | |
| Hunter's Hall | 1 | |
| Ancient of Lore | 2 | |
| Ancient of Wonders | 1 | |
| Tree of Eternity | 1 | |
| Tree of Life | 2 | |
16 total
» build order
00:25 Altar of Elders
00:31 Moon Well
00:38 Ancient of War
01:31 Moon Well
03:03 Tree of Ages
04:06 Hunter's Hall
04:19 Moon Well
05:06 Moon Well
05:17 Moon Well
07:25 Ancient of Lore
08:06 Ancient of Lore
09:39 Ancient of Wonders
12:24 Tree of Eternity
20:07 Moon Well
23:44 Tree of Life
25:17 Tree of Life
» items
| Potion of Healing | 3 | |
| Scroll of Town Portal | 1 | |
4 total

»
KingOf(913) (
purple | 22 APM | 1097 actions | 49:31)
6 Blademaster
2 Wind Walk
3 Critical Strike
1 Bladestorm
» actions
| Basic commands | 18 | |
| Build / train | 168 | |
| Enter build submenu | 60 | |
| Enter hero's abilities submenu | 6 | |
| Remove unit from queue | 1 | |
| Right click | 455 | |
| Select / deselect | 308 | |
| Use ability | 81 | |
1097 total
» units
| Peon | 25 | |
| Grunt | 46 | |
| Wind Rider | 26 | |
| Wisp | 24 | |
| Archer | 20 | |
141 total
» upgrades
| Melee Weapons | 1 | |
| Armor | 2 | |
| Ranged Weapons | 2 | |
| Spiked Barricades | 2 | |
| Improved Bows | 1 | |
8 total
» buildings
| Orc Burrow | 10 | |
| Altar of Storms | 1 | |
| Voodoo Lounge | 1 | |
| Barracks | 2 | |
| War Mill | 2 | |
| Stronghold | 2 | |
| Beastiary | 2 | |
| Great Hall | 3 | |
| Moon Well | 6 | |
| Altar of Elders | 1 | |
| Ancient of War | 3 | |
| Watch Tower | 23 | |
| Tree of Ages | 1 | |
| Ancient of Wind | 2 | |
59 total
» build order
00:17 Orc Burrow
00:25 Altar of Storms
00:50 Voodoo Lounge
01:17 Barracks
01:55 Orc Burrow
03:10 Orc Burrow
04:46 Orc Burrow
05:07 War Mill
08:18 Orc Burrow
10:22 Barracks
11:53 Stronghold
15:32 Beastiary
15:36 Beastiary
23:42 Great Hall
26:56 Orc Burrow
34:35 Orc Burrow
34:48 Orc Burrow
35:31 Orc Burrow
35:51 War Mill
36:40 Orc Burrow
36:59 Moon Well
37:03 Altar of Elders
37:08 Ancient of War
37:43 Watch Tower
38:12 Watch Tower
38:55 Watch Tower
39:11 Watch Tower
39:35 Watch Tower
39:41 Watch Tower
39:48 Tree of Ages
40:02 Watch Tower
40:19 Moon Well
40:25 Watch Tower
40:29 Watch Tower
40:53 Watch Tower
40:57 Watch Tower
41:12 Watch Tower
41:13 Stronghold
41:21 Moon Well
41:31 Watch Tower
41:46 Watch Tower
42:03 Watch Tower
42:13 Ancient of Wind
42:21 Watch Tower
42:27 Watch Tower
42:45 Watch Tower
43:05 Watch Tower
43:11 Ancient of Wind
43:50 Watch Tower
43:58 Watch Tower
44:06 Watch Tower
44:11 Watch Tower
44:22 Moon Well
45:28 Ancient of War
45:36 Moon Well
46:03 Ancient of War
46:07 Moon Well
47:12 Great Hall
47:28 Great Hall
» items
| Healing Salve | 1 | |
| Lesser Clarity Potion | 2 | |
| Scroll of Town Portal | 1 | |
4 total
Mr.Freeze77 (
green | 15 APM | 759 actions | 49:12)
5 Pandaren Brewmaster
3 Breath of Fire
1 Drunken Brawler
1 Drunken Haze
» actions
| Basic commands | 35 | |
| Build / train | 86 | |
| Enter build submenu | 36 | |
| Enter hero's abilities submenu | 5 | |
| Right click | 197 | |
| Select / deselect | 340 | |
| Use ability | 60 | |
759 total
» units
| Peasant | 10 | |
| Footman | 30 | |
| Knight | 20 | |
60 total
» upgrades
| Swords | 3 | |
| Plating | 3 | |
| Defend | 1 | |
| Animal War Training | 1 | |
8 total
» buildings
| Altar of Kings | 3 | |
| Farm | 18 | |
| Lumber Mill | 1 | |
| Barracks | 2 | |
| Blacksmith | 1 | |
| Keep | 1 | |
| Castle | 1 | |
| Town Hall | 1 | |
| Arcane Vault | 1 | |
| Scout Tower | 3 | |
| Guard Tower | 3 | |
35 total
» build order
00:28 Altar of Kings
00:32 Farm
00:59 Altar of Kings
01:47 Lumber Mill
02:08 Barracks
03:21 Farm
04:09 Farm
04:45 Blacksmith
05:33 Farm
06:45 Farm
07:47 Keep
08:01 Farm
09:11 Farm
09:24 Barracks
10:45 Castle
12:48 Farm
14:35 Farm
15:30 Farm
19:09 Farm
20:42 Town Hall
21:50 Farm
23:10 Farm
24:12 Arcane Vault
24:55 Scout Tower
25:03 Scout Tower
25:17 Scout Tower
25:56 Guard Tower
26:17 Guard Tower
28:19 Guard Tower
34:51 Altar of Kings
35:50 Farm
36:21 Farm
36:24 Farm
36:29 Farm
37:17 Farm
» items
| Potion of Healing | 2 | |
| Orb of Venom | 1 | |
| Orb of Fire | 1 | |
| Ivory Tower | 3 | |
7 total

»
LEADER-OF-4V4 (
pink | 53 APM | 2619 actions | 49:39)
5 Blood Mage
3 Flame Strike
2 Siphon Mana
5 Mountain King
3 Storm Bolt
2 Bash
5 Paladin
3 Holy Light
2 Divine Shield
» actions
| Assign group hotkey | 39 | |
| Basic commands | 124 | |
| Build / train | 86 | |
| Enter build submenu | 17 | |
| Enter hero's abilities submenu | 15 | |
| Give item / drop item | 6 | |
| Right click | 994 | |
| Select / deselect | 331 | |
| Select group hotkey | 874 | |
| Use ability | 133 | |
2619 total
» units
| Peasant | 14 | |
| Gryphon Rider | 7 | |
| Green Dragon | 2 | |
| Goblin Shredder | 2 | |
| Green Drake | 1 | |
| Green Dragon Whelp | 1 | |
27 total
» upgrades
| Masonry | 2 | |
| Lumber Harvesting | 2 | |
| Swords | 3 | |
| Armor | 3 | |
10 total
» buildings
| Altar of Kings | 1 | |
| Farm | 10 | |
| Lumber Mill | 2 | |
| Scout Tower | 24 | |
| Arcane Tower | 1 | |
| Arcane Vault | 1 | |
| Guard Tower | 9 | |
| Keep | 1 | |
| Castle | 2 | |
| Gryphon Aviary | 3 | |
| Blacksmith | 1 | |
| Town Hall | 2 | |
57 total
» build order
00:20 Altar of Kings
00:37 Farm
01:11 Lumber Mill
01:19 Farm
01:25 Scout Tower
01:26 Scout Tower
02:06 Arcane Tower
02:20 Arcane Vault
02:29 Scout Tower
02:30 Scout Tower
02:31 Scout Tower
03:07 Guard Tower
03:35 Guard Tower
03:47 Farm
04:48 Keep
05:51 Farm
05:51 Farm
05:53 Farm
05:53 Farm
07:24 Castle
07:24 Castle
07:56 Gryphon Aviary
07:57 Gryphon Aviary
07:58 Gryphon Aviary
08:05 Farm
08:05 Farm
08:05 Farm
11:40 Blacksmith
13:41 Town Hall
19:35 Town Hall
22:07 Scout Tower
22:08 Scout Tower
22:08 Scout Tower
22:52 Guard Tower
24:55 Scout Tower
24:56 Scout Tower
24:56 Scout Tower
24:57 Scout Tower
24:57 Scout Tower
24:58 Scout Tower
24:58 Scout Tower
24:59 Scout Tower
25:00 Scout Tower
25:01 Scout Tower
25:01 Scout Tower
25:01 Scout Tower
25:02 Scout Tower
25:59 Guard Tower
25:59 Guard Tower
25:59 Guard Tower
26:20 Lumber Mill
26:58 Guard Tower
» items
| Scroll of Regeneration | 3 | |
| Lesser Clarity Potion | 1 | |
| Staff of Teleportation | 2 | |
| Potion of Healing | 4 | |
| Potion of Mana | 2 | |
| Orb of Fire | 1 | |
| Scroll of Town Portal | 2 | |
15 total
team 2 (winner)
xXRationalismXx (
yellow | 63 APM | 3123 actions | 49:39)
7 Death Knight
3 Death Coil
3 Unholy Aura
1 Animate Dead
6 Lich
3 Frost Nova
2 Dark Ritual
1 Death and Decay
2 Crypt Lord
1 Spiked Carapace
1 Impale
1 Dreadlord
1 Vampiric Aura
2 Paladin
2 Holy Light
» actions
| Assign group hotkey | 31 | |
| Build / train | 126 | |
| Enter build submenu | 58 | |
| Enter hero's abilities submenu | 25 | |
| Give item / drop item | 1 | |
| Right click | 1485 | |
| Select / deselect | 688 | |
| Select group hotkey | 585 | |
| Use ability | 124 | |
3123 total
» units
| Acolyte | 20 | |
| Peasant | 1 | |
| Ghoul | 10 | |
| Crypt Fiend | 32 | |
| Footman | 4 | |
| Rifleman | 3 | |
| Frost Wyrm | 6 | |
76 total
» upgrades
| Web | 1 | |
| Burrow | 1 | |
| Creature Carapace | 2 | |
4 total
» buildings
| Crypt | 3 | |
| Ziggurat | 14 | |
| Altar of Darkness | 4 | |
| Graveyard | 2 | |
| Tomb of Relics | 4 | |
| Nerubian Tower | 2 | |
| Halls of the Dead | 2 | |
| Farm | 3 | |
| Arcane Vault | 1 | |
| Black Citadel | 2 | |
| Sacrificial Pit | 2 | |
| Boneyard | 2 | |
| Necropolis | 5 | |
46 total
» build order
00:07 Crypt
00:09 Ziggurat
00:21 Altar of Darkness
00:23 Crypt
00:28 Ziggurat
00:37 Altar of Darkness
00:58 Graveyard
01:08 Graveyard
01:29 Ziggurat
02:08 Tomb of Relics
02:12 Tomb of Relics
02:54 Ziggurat
02:55 Ziggurat
02:57 Ziggurat
03:10 Nerubian Tower
03:11 Halls of the Dead
03:15 Tomb of Relics
03:17 Tomb of Relics
04:07 Nerubian Tower
04:34 Farm
04:47 Halls of the Dead
04:49 Ziggurat
05:04 Arcane Vault
05:40 Ziggurat
06:05 Black Citadel
06:21 Ziggurat
07:59 Black Citadel
08:17 Ziggurat
08:23 Ziggurat
11:28 Sacrificial Pit
12:01 Sacrificial Pit
12:22 Boneyard
28:25 Boneyard
31:29 Farm
31:32 Farm
34:25 Necropolis
36:23 Crypt
38:05 Altar of Darkness
40:03 Necropolis
41:07 Necropolis
42:56 Altar of Darkness
42:58 Ziggurat
42:59 Ziggurat
43:03 Ziggurat
46:57 Necropolis
48:25 Necropolis
» items
| Dust of Appearance | 1 | |
| Rod of Necromancy | 2 | |
| Potion of Healing | 6 | |
| Orb of Corruption | 2 | |
| Scroll of Town Portal | 1 | |
| Scroll of Healing | 1 | |
13 total
mtldemolition (
red | 36 APM | 954 actions | 26:22)
8 Paladin
2 Holy Light
2 Divine Shield
3 Devotion Aura
1 Resurrection
2 Mountain King
1 Storm Bolt
1 Thunder Clap
2 Crypt Lord
1 Spiked Carapace
1 Carrion Beetles
1 Death Knight
1 Unholy Aura
» actions
| Build / train | 140 | |
| Enter build submenu | 32 | |
| Enter hero's abilities submenu | 15 | |
| Right click | 274 | |
| Select / deselect | 400 | |
| Use ability | 93 | |
954 total
» units
| Peasant | 18 | |
| Footman | 17 | |
| Crypt Fiend | 23 | |
| Rifleman | 27 | |
| Knight | 7 | |
| Gryphon Rider | 4 | |
| Acolyte | 3 | |
99 total
» upgrades
| Defend | 2 | |
| Web | 1 | |
| Creature Attack | 2 | |
| Gunpowder | 1 | |
| Armor | 1 | |
7 total
» buildings
| Farm | 12 | |
| Altar of Kings | 2 | |
| Barracks | 3 | |
| Scout Tower | 5 | |
| Arcane Tower | 3 | |
| Lumber Mill | 2 | |
| Guard Tower | 2 | |
| Keep | 2 | |
| Arcane Vault | 1 | |
| Blacksmith | 2 | |
| Castle | 2 | |
| Gryphon Aviary | 1 | |
| Ziggurat | 2 | |
| Spirit Tower | 3 | |
42 total
» build order
00:25 Farm
00:29 Altar of Kings
00:33 Barracks
00:43 Farm
00:51 Altar of Kings
00:57 Barracks
01:06 Farm
01:35 Farm
01:55 Scout Tower
02:02 Scout Tower
02:12 Farm
02:31 Farm
02:36 Arcane Tower
02:39 Arcane Tower
02:46 Lumber Mill
02:52 Scout Tower
03:06 Lumber Mill
03:34 Arcane Tower
03:37 Scout Tower
03:41 Scout Tower
04:18 Guard Tower
04:20 Guard Tower
04:31 Keep
05:00 Keep
05:06 Farm
05:38 Arcane Vault
05:45 Blacksmith
07:37 Barracks
07:39 Castle
07:42 Castle
07:46 Gryphon Aviary
09:29 Blacksmith
10:13 Farm
10:36 Farm
12:58 Farm
13:03 Farm
13:15 Farm
13:31 Ziggurat
15:52 Spirit Tower
15:54 Spirit Tower
16:26 Spirit Tower
16:30 Ziggurat
» items

»
mattybatty (
teal | 37 APM | 4 actions | 00:06)
» actions
| Right click | 1 | |
| Select / deselect | 3 | |
4 total
Newbs. (
blue | 0 APM | 0 actions | 00:02)
Chat log
(00:06 / All) LEADER-OF-4V4: gg
(00:10 / All) NICKLAS: gg
(00:51 / Allies) Mr.Freeze77: rush then?
(00:56 / Allies) NICKLAS: yep
(01:07 / All) LEADER-OF-4V4: come on gentlemen, we earned this win
(01:20 / All) Mr.Freeze77: smh
(01:32 / All) LEADER-OF-4V4: u lacking manner
(01:43 / All) NICKLAS: take responsibility for your poor performance
(01:47 / All) xXRationalismXx: ...go fuck yourself
(01:55 / All) NICKLAS: bahahaha
(01:59 / All) NICKLAS: u mad bro
(02:02 / All) LEADER-OF-4V4: if u dont leave, ill just report u to blizzard for bad manner
(02:10 / All) NICKLAS: me 2
(02:17 / All) KingOf(913): bad manner
(02:22 / Allies) Mr.Freeze77: omg i made two altars...
(02:26 / All) xXRationalismXx: worthless human beings
(02:28 / Allies) Mr.Freeze77: ugh
(02:33 / All) NICKLAS: u mad bro?
(02:45 / All) xXRationalismXx: i don't even wanna vindicate that with a response
(02:52 / All) NICKLAS: yep the bro mad
(04:26 / Allies) NICKLAS: careful they actually trying
(04:42 / Allies) NICKLAS: meet and hit
(04:44 / All) xXRationalismXx: fuck outta here
(04:48 / Allies) NICKLAS: take out yellow
(04:53 / All) NICKLAS: k baby
(04:56 / All) NICKLAS: brb
(05:14 / Allies) NICKLAS: come
(05:17 / Allies) KingOf(913): you will refer to me as m'lord
(05:23 / Allies) NICKLAS: yessirrr
(05:32 / Allies) KingOf(913): ?
(05:43 / Allies) NICKLAS: that means yes in spanish
(05:44 / Allies) KingOf(913): m'lord nex ttime
(06:14 / All) KingOf(913): lol
(06:14 / Allies) NICKLAS: yo um pink and green
(06:17 / Allies) NICKLAS: waht u doin
(06:23 / All) xXRationalismXx: ?
(06:24 / Allies) Mr.Freeze77: had a bad start
(06:34 / All) NICKLAS: shut ur jew face
(07:32 / All) xXRationalismXx: even if we dont win you've already disgraced yourselves
(07:51 / All) NICKLAS: k babe
(07:54 / All) NICKLAS: u dirty slut
(08:15 / Allies) NICKLAS: come to me now
(10:08 / All) xXRationalismXx: this is fucking hilarious
(10:13 / All) KingOf(913): it is
(10:21 / Allies) NICKLAS: fuckng come
(11:11 / Allies) NICKLAS: come all now
(12:13 / Allies) NICKLAS: counter all now hit yellow
(12:34 / Allies) NICKLAS: pink come bro
(12:45 / All) xXRationalismXx: thats 2v4 for you
(12:54 / All) NICKLAS: 3 v 4
(12:56 / All) NICKLAS: we 3
(12:58 / All) NICKLAS: u 4
(13:06 / All) NICKLAS: idiot
(13:12 / All) NICKLAS: you are using 4 teams
(13:23 / All) NICKLAS: we have 3, pink sits at base and is noob
(13:29 / All) xXRationalismXx: you're a stupid human being
(13:34 / All) KingOf(913): lol
(13:34 / Allies) NICKLAS: hit yellow
(13:58 / All) NICKLAS: still mad bro
(14:05 / Allies) Mr.Freeze77: goo
(15:11 / All) xXRationalismXx: lol
(15:43 / Allies) NICKLAS: stay at my base for when they
(15:48 / Allies) NICKLAS: counter
(15:54 / Allies) NICKLAS: they coming
(16:04 / Allies) NICKLAS: come all
(18:24 / Allies) NICKLAS: pink come
(18:35 / All) LEADER-OF-4V4: why should i orange
(18:37 / All) xXRationalismXx: you guys should be fucking ashamed of yourselves
(18:55 / All) KingOf(913): i am
(18:58 / All) xXRationalismXx: lol
(19:31 / Allies) Mr.Freeze77: pink i take?
(19:52 / Allies) LEADER-OF-4V4: '
(20:13 / 4) LEADER-OF-4V4: yellow im talking to u in private im gonna stab my team once one base is left say yes if u understand
(20:32 / All) xXRationalismXx: yes
(20:48 / 4) LEADER-OF-4V4: good, we have no expos cept for mine, green has one mid bot but he is ignorant
(21:35 / All) LEADER-OF-4V4: im not going to
(21:35 / All) xXRationalismXx: this is fucking ridiculous
(21:40 / All) LEADER-OF-4V4: forget the name
(21:43 / All) LEADER-OF-4V4: nicklas
(21:53 / All) NICKLAS: good for u
(21:56 / All) NICKLAS: bitch
(21:57 / All) KingOf(913): yellow i am enjoying myslef
(22:10 / All) NICKLAS: then after u remember my name, fuck ur mom for me
(22:12 / All) xXRationalismXx: as am i
(22:14 / All) LEADER-OF-4V4: lolz
(22:21 / All) LEADER-OF-4V4: yellow has totally raped u orange
(22:35 / All) LEADER-OF-4V4: green looks new, purple does as well i guess , but u orange, should feel embarassed
(22:37 / All) xXRationalismXx: we have level 6 heros and shit
(22:38 / All) NICKLAS: if only ur noob ass wasnt on our team
(22:39 / All) xXRationalismXx: like you gotta be kidding me
(22:42 / All) xXRationalismXx: its fuckin 2v4
(23:00 / All) NICKLAS: there is no 4 about it, pink creeped all game
(23:11 / All) xXRationalismXx: even still man..
(23:13 / All) KingOf(913): org who cares
(23:14 / All) xXRationalismXx: we have no micro
(23:17 / All) xXRationalismXx: you should be raping
(23:18 / All) LEADER-OF-4V4: u would be dead if it wasnt for the last big battle orange, u owe me ur life
(23:31 / All) NICKLAS: like i said, fuck urself pink
(23:41 / Allies) Mr.Freeze77: pink got some spare gold ?
(24:04 / All) LEADER-OF-4V4: i may post this on a replay site orange, just so people know how bad u are
(24:13 / All) xXRationalismXx: lol
(24:21 / All) NICKLAS: lolz
(24:23 / All) LEADER-OF-4V4: wcreplays, highperch, and ffareplays
(24:23 / All) NICKLAS: bitch
(25:02 / All) KingOf(913): i think org mad?
(25:05 / All) KingOf(913): bro
(25:08 / All) xXRationalismXx: lol
(25:10 / All) NICKLAS: nahhh
(25:12 / Allies) Mr.Freeze77: lol
(25:21 / All) KingOf(913): my ass
(25:31 / 4) LEADER-OF-4V4: oj top righ texpo
(25:41 / All) KingOf(913): he gonna tk any time now i am sure of it
(25:48 / All) LEADER-OF-4V4: who
(26:13 / All) NICKLAS: im not a tker
(26:17 / All) KingOf(913): sorry pink
(26:29 / 4) LEADER-OF-4V4: i give u my word
(26:31 / 4) LEADER-OF-4V4: i will stab
(26:35 / 4) LEADER-OF-4V4: any time u want
(26:50 / Allies) Mr.Freeze77: pink gots a damn maze of towers
(26:53 / All) xXRationalismXx: overwhelming
(26:58 / All) xXRationalismXx: how do you even begin to micro this
(27:12 / All) KingOf(913): holy shit that is a lot
(27:16 / Allies) NICKLAS: didnt mean to hit that button
(27:55 / All) KingOf(913): pink kore towers build a city with that shit
(28:25 / All) NICKLAS: ohh heyyy
(28:41 / All) KingOf(913): let have a tower build off?
(29:01 / All) NICKLAS: wrong turnnn
(29:04 / All) xXRationalismXx: loll
(29:07 / All) KingOf(913): it will be just like in the sandbox
(29:07 / All) xXRationalismXx: you are fucking terrible
(29:23 / Allies) Mr.Freeze77: purple lets hit red
(29:25 / All) NICKLAS: what ever makes u feel good about urself buddy
(29:46 / All) LEADER-OF-4V4: griff is urs
(30:09 / All) LEADER-OF-4V4: nicklas is a disgrace
(30:10 / All) LEADER-OF-4V4: to 4v4
(30:14 / All) xXRationalismXx: agreed
(30:16 / All) NICKLAS: gg yoooo
(30:38 / All) xXRationalismXx: unreal
(31:59 / All) xXRationalismXx: wow
(32:02 / All) xXRationalismXx: quite a game
(32:05 / All) KingOf(913): nick some resources
(32:21 / All) KingOf(913): compelling
(32:33 / All) KingOf(913): cliff hanger for sure
(32:35 / All) xXRationalismXx: commence tk on bottom base
(32:48 / All) LEADER-OF-4V4: forgive me purple and green
(33:26 / Allies) Mr.Freeze77: sigh
(33:32 / All) LEADER-OF-4V4: i like u green
(33:36 / All) LEADER-OF-4V4: but i gave yellow my word
(33:44 / All) xXRationalismXx: it is done
(33:53 / All) xXRationalismXx: the funniest games of wc i've ever played
(33:56 / Allies) KingOf(913): no i am too young to die
(35:11 / Allies) Mr.Freeze77: pink
(35:20 / All) LEADER-OF-4V4: yes green
(35:38 / Allies) Mr.Freeze77: nvm not work it
(35:56 / All) LEADER-OF-4V4: be honest green and purple yellow earned this win right
(36:03 / All) LEADER-OF-4V4: he manned 4 armies
(36:06 / Allies) Mr.Freeze77: idc i still fight
(36:29 / All) KingOf(913): he made me laugh with org being an ass, i think he called me baby
(36:54 / All) LEADER-OF-4V4: i feel like watching lord of the rings
(38:03 / All) LEADER-OF-4V4: lolz
(38:04 / All) LEADER-OF-4V4: green got me
(38:19 / All) xXRationalismXx: i should be good
(38:35 / All) KingOf(913): why green
(38:42 / Allies) Mr.Freeze77: he killed us
(38:45 / All) LEADER-OF-4V4: no i didnt
(38:47 / All) KingOf(913): who cares
(39:04 / All) KingOf(913): deep down i am pulling for yellow
(40:04 / All) LEADER-OF-4V4: oh shit lolz
(40:09 / All) LEADER-OF-4V4: i taint over
(40:15 / All) LEADER-OF-4V4: i will kill his knights
(40:20 / All) xXRationalismXx: yeah it is lol
(40:35 / All) LEADER-OF-4V4: hide shit
(41:13 / All) LEADER-OF-4V4: skip my base for now loz go to expo to left of me
(41:26 / All) Mr.Freeze77: pink we won
(41:28 / All) Mr.Freeze77: fuck u
(41:34 / All) xXRationalismXx: ddi you?
(41:40 / All) LEADER-OF-4V4: he has expo lawl
(41:41 / All) Mr.Freeze77: idc
(42:25 / All) LEADER-OF-4V4: god lawl
(42:29 / All) LEADER-OF-4V4: i wasnt paying attention
(42:32 / All) xXRationalismXx: you still havent won
(42:41 / 4) LEADER-OF-4V4: u have another base?
(43:10 / 4) LEADER-OF-4V4: go mid lef texpo
(43:11 / All) xXRationalismXx: i got nuff bases
(43:12 / 4) LEADER-OF-4V4: lots of towers
(43:25 / All) xXRationalismXx: mid left?
(43:27 / All) xXRationalismXx: oh
(44:01 / 4) LEADER-OF-4V4: yes huyrry
(44:57 / All) Mr.Freeze77: pink your the ultimate fucker
(45:11 / All) LEADER-OF-4V4: lolz
(45:19 / All) LEADER-OF-4V4: i gave him my word
(45:29 / All) Mr.Freeze77: your a judis
(45:34 / All) xXRationalismXx: i have 10k gold lol
(45:46 / All) KingOf(913): this is madness
(46:00 / 4) LEADER-OF-4V4: repair
(46:17 / 4) LEADER-OF-4V4: go top mid expo now
(46:57 / All) KingOf(913): lol
(47:22 / All) LEADER-OF-4V4: yes
(47:25 / All) LEADER-OF-4V4: this is postworthy
(47:35 / All) LEADER-OF-4V4: wish oj stayed
(47:40 / All) xXRationalismXx: same
(47:43 / All) LEADER-OF-4V4: i like purple, green is sorty of cunning
(48:12 / All) LEADER-OF-4V4: green if u beg i will give u gold
(48:13 / All) KingOf(913): green turned bitch in the end
(48:23 / All) LEADER-OF-4V4: i gained respect for purple
(48:25 / All) LEADER-OF-4V4: i like him
(48:30 / All) Mr.Freeze77: if you suck my cock
(48:30 / All) xXRationalismXx: i deserve a shot of scotch
(49:09 / All) Mr.Freeze77: we won
(49:10 / All) LEADER-OF-4V4: y'all need a 4v4 rt clan? my friends are top 5 rt players no rules,
(49:34 / All) LEADER-OF-4V4: joi clan s4s
(49:34 / All) xXRationalismXx: wow
(49:37 / All) LEADER-OF-4V4: clan s4s